 Dungeon Crawl Stone Soup version 0.28.0-43-g3370ac3207 (webtiles) character file.

Game seed: 14268961820216701928

6584 Kaptain the Geomancer (level 11, -10/61 HPs)
             Began as a Gargoyle Earth Elementalist on Mar 16, 2022.
             Killed by mirror damage (18 damage)
             ... on level 8 of the Dungeon.
             The game lasted 00:21:49 (10381 turns).

Kaptain the Geomancer (GrEE)                       Turns: 10381, Time: 00:21:50

Health: -10/61     AC: 18    Str: 12    XL:     11   Next: 1%
Magic:  24/30      EV: 11    Int: 20    God:
Gold:   429        SH:  8    Dex: 10    Spells: 20/24 levels left

rFire   . . .      SeeInvis .   I - +1 trident (protect)
rCold   + . .      Faith    .   m - +3 buckler {AC+3}
rNeg    + . .      Spirit   .   x - +0 leather armour
rPois   ∞          Reflect  .   n - +1 hat
rElec   +          Harm     .   (no cloak)
rCorr   .          Rampage  .   u - +0 pair of gloves
Will    .....                   l - +0 pair of boots {Fly}
Stlth   ++........              k - amulet of magic regeneration
HPRegen 0.20/turn               d - ring of protection from cold
MPRegen 0.62/turn               o - ring of magical power

@: flying
A: sickness immunity, AC +8, negative energy resistance 1, electricity
resistance, torment resistance 1, petrification resistance, frail 1, sense
surroundings 1
a: no special abilities


You were on level 8 of the Dungeon.
You visited 2 branches of the dungeon, and saw 9 of its levels.

You collected 429 gold pieces.

Inventory:

Hand Weapons
 a - a +1 rapier of protection
 h - a +4 long sword of chaos
 j - a +3 war axe
 C - a +3 hunting sling
 I - a +1 trident of protection (weapon)
Missiles
 c - 143 stones
 q - 19 poisoned darts
 t - a throwing net
 E - 40 sling bullets
Armour
 l - a +0 pair of boots of flying (worn)
 m - a +3 buckler of protection (worn)
 n - a +1 hat (worn)
 u - a +0 pair of gloves (worn)
 x - a +0 leather armour (worn)
 D - the +8 plate armour of Patterns {Int+4 Dex-5}
   (You took it off Joseph on level 7 of the Dungeon)

   Int:       It affects your intelligence (+4).
   Dex:       It affects your dexterity (-5).
 H - the +18 Lear's hauberk
   (You found it on level 8 of the Dungeon)
Magical Staves
 B - a staff of fire
Jewellery
 d - a ring of protection from cold (left hand)
 k - an amulet of magic regeneration (around neck)
 o - a ring of magical power (right hand)
 r - a ring of ice
 w - a ring of protection from cold
 F - a ring of willpower
Wands
 z - a wand of charming (7)
 G - a wand of mindburst (13)
Scrolls
 b - a scroll of magic mapping
 g - 4 scrolls of teleportation
 p - a scroll of fear
 v - a scroll of summoning
 y - a scroll of enchant armour
Potions
 e - a potion of lignification
 f - 3 potions of flight
 i - a potion of brilliance
 A - a potion of might


   Skills:
 * Level 8.1 Fighting
 + Level 5.4 Armour
 - Level 1.5 Dodging
 - Level 2.1 Stealth
 - Level 5.0 Shields
 * Level 7.1 Spellcasting
 * Level 8.1 Conjurations
 - Level 0.7 Transmutations
 * Level 9.6 Earth Magic


You had 20 spell levels left.
You knew the following spells:

 Your Spells              Type           Power      Damage    Failure   Level
a - Sandblast             Erth           90%        2d19      1%          1
b - Stone Arrow           Conj/Erth      84%        3d12      1%          3

Your spell library contained the following spells:

 Spells                   Type           Power      Damage    Failure   Level
 Passwall                 Tmut/Erth      22%        N/A       2%          2
 Apportation              Tloc           14%        N/A       16%         1
 Petrify                  Tmut/Erth      27%        N/A       19%         4
 Fulminant Prism          Conj/Hex       11%        3d9       28%         4
 Ozocubu's Armour         Ice            7%         N/A       41%         3
 Summon Guardian Golem    Hex/Summ       7%         N/A       41%         3
 Irradiate                Conj/Tmut      12%        3d17      56%         5
 Freezing Cloud           Conj/Ice/Air   8%         6-21      80%         5
 Blade Hands              Tmut           5%         N/A       97%         5
 Manifold Assault         Tloc           7%         N/A       99%         5
 Metabolic Englaciation   Hex/Ice        3%         N/A       99%         5
 Summon Mana Viper        Hex/Summ       7%         N/A       99%         5
 Simulacrum               Ice/Necr       3%         N/A       100%        6
 Dragon Form              Tmut           5%         N/A       100%        7
 Polar Vortex             Ice            3%         N/A       100%        9
 Statue Form              Tmut/Erth      Unusable   N/A       N/A         6

Dungeon Overview and Level Annotations

Branches:
Dungeon (8/15)             Temple (1/1) D:5
   Lair: D:8-11

Altars:
Ashenzari
Dithmenos
Elyvilon
Fedhas
Gozag
Hepliaklqana
Kikubaaqudgha
Makhleb
Nemelex Xobeh
Okawaru
Qazlal
Ru
Sif Muna
Trog
Vehumet
Xom
Yredelemnul
Zin
The Shining One


Innate Abilities, Weirdness & Mutations

You are immune to sickness and miasma.
Your stone body is resilient. (AC +8)
You are immune to poison.
You resist negative energy. (rN+)
You are resistant to electric shocks. (rElec)
You are resistant to unholy torment.
You are immune to petrification.
You are frail. (-10% HP)
You passively map a small area around you.


Message History

* * * LOW HITPOINT WARNING * * *
The death knight hits you but does no damage.
The death knight offers itself to Yredelemnul, and fills with unholy energy.
Casting: Stone Arrow (safe; 1% risk of failure)
Confirm with . or Enter, or press ? or * to list all spells.
Aiming: Stone Arrow (safe; 1% risk of failure)
Press: ? - help, Shift-Dir - straight line, f/p - death knight
Aim: a death knight, wielding a +1 battleaxe and wearing a +0 chain mail (heavily wounded, reflecting injuries, 76% to hit)
The stone arrow hits the death knight!
The death knight is severely wounded.
The death knight reflects your damage back at you!
* * * LOW HITPOINT WARNING * * *
You puncture the plant!
The plant begins to die.
The plant is lightly damaged.
You start resting.
A nearby plant withers and dies.
You start resting.
Magic restored.
You start resting.
A death knight is nearby!
The death knight offers itself to Yredelemnul, and fills with unholy energy.
Unknown command.
Casting: Stone Arrow (safe; 1% risk of failure)
Confirm with . or Enter, or press ? or * to list all spells.
Aiming: Stone Arrow (safe; 1% risk of failure)
Press: ? - help, Shift-Dir - straight line, f/p - death knight
Aim: a death knight, wielding a +1 battleaxe and wearing a +0 chain mail (heavily wounded, reflecting injuries, 76% to hit)
The stone arrow hits the death knight!
The death knight is severely wounded.
The death knight reflects your damage back at you!
* * * LOW HITPOINT WARNING * * *
Unknown command.
Casting: Stone Arrow (safe; 1% risk of failure)
Confirm with . or Enter, or press ? or * to list all spells.
Aiming: Stone Arrow (safe; 1% risk of failure)
Press: ? - help, Shift-Dir - straight line, f/p - death knight
Aim: a death knight, wielding a +1 battleaxe and wearing a +0 chain mail (severely wounded, reflecting injuries, 76% to hit)
The stone arrow hits the death knight!!
The death knight is almost dead.
The death knight reflects your damage back at you!
You die...

#)# #...≈≈##### ### ##.#
#.[..≈≈≈≈≈## ##≈≈ #..#
#.#......≈≈## ##≈≈. #.##
#.#####...≈≈## ##≈≈..
#######.####.# ##p..≈≈####≈≈...
.............# ##§≈...≈≈##≈≈...≈
.............# ##≈§≈≈...≈##≈..§§≈
........[)...###≈≈≈≈≈#..≈##≈..#≈≈
........)....##≈@≈§≈###.≈##≈.###§
....≈≈.......#P≈≈≈≈## #.≈≈≈≈.# ##
...≈≈≈)).....#..≈≈## #..≈≈..# #
...≈≈≈≈≈.....#...## #......#
###..≈≈..)...###########....#####
#[#..............................
'##..........####################
.............##
.8.####.......######


You could see a death knight (reflects damage).

Vanquished Creatures
  A hydra (D:6)
  A two-headed ogre (D:8)
  A tengu warrior (D:8)
  A cyclops (D:6)
  Joseph (D:7)
  An unseen horror (D:6)
  Sigmund (D:5)
  A wyvern (D:6)
  A steam dragon (D:7)
  2 vampire mosquitoes
  An acid dragon (D:8)
  A sky beast (D:6)
  3 necrophages
  3 ogres (D:6)
  4 phantoms
  A centaur (D:6)
  4 kobold brigands
  A bullfrog (D:8)
  2 gnoll sergeants
  4 scorpions
  A water moccasin zombie (D:5)
  2 wyvern skeletons
  10 wights (D:8)
  An electric eel (D:8)
  A howler monkey (D:7)
  A centaur zombie (D:3)
  2 hounds (D:6)
  A jelly (D:7)
  An orc priest (D:8)
  An iguana (D:5)
  A centaur skeleton (D:6)
  3 orc wizards
  A killer bee zombie (D:6)
  16 gnolls
  A howler monkey skeleton (D:7)
  12 adders
  A shadow imp (D:6)
  2 white imps (D:7)
  6 worms
  2 dart slugs
  13 orcs
  7 endoplasms
  2 giant cockroaches
  8 hobgoblins
  16 jackals
  14 kobolds
  6 quokkas
  7 ball pythons
  8 bats
  4 frilled lizards
  7 goblins
  5 rats
198 creatures vanquished.

Vanquished Creatures (others)
  12 plants (D:8)
12 creatures vanquished.

Grand Total: 210 creatures vanquished

Notes
Turn   | Place    | Note
-------+----------+-------------------------------------------
     0 | D:1      | Kaptain the Gargoyle Earth Elementalist began the quest for
                  | the Orb.
     0 | D:1      | Reached XP level 1. HP: 10/10 MP: 3/3
   429 | D:1      | Reached XP level 2. HP: 16/16 MP: 3/5
   475 | D:1      | Reached skill level 1 in Conjurations
   690 | D:1      | Reached skill level 1 in Fighting
   721 | D:1      | Reached XP level 3. HP: 20/20 MP: 1/6
  1012 | D:1      | Reached skill level 4 in Earth Magic
  1727 | D:2      | Reached skill level 1 in Armour
  1727 | D:2      | Reached XP level 4. HP: 24/25 MP: 4/7
  2249 | D:2      | Found a faded altar of an unknown god.
  2285 | D:2      | Reached XP level 5. HP: 26/30 MP: 4/9
  3130 | D:3      | Learned a level 3 spell: Stone Arrow
  3386 | D:4      | Reached XP level 6. HP: 27/36 MP: 3/10
  3705 | D:4      | Found a bloodstained altar of Trog.
  3722 | D:4      | Reached skill level 5 in Earth Magic
  4383 | D:5      | Entered Level 5 of the Dungeon
  4409 | D:5      | Reached skill level 1 in Shields
  4409 | D:5      | Reached XP level 7. HP: 41/41 MP: 3/12
  4578 | D:5      | Found a staircase to the Ecumenical Temple.
  4591 | Temple   | Entered the Ecumenical Temple
  4741 | D:5      | Noticed Sigmund
  4748 | D:5      | Killed Sigmund
  5227 | D:5      | Noticed an Executioner
  5232 | D:5      | Found a burning altar of Makhleb.
  5236 | D:5      | Found a glowing silver altar of Zin.
  5236 | D:5      | Noticed an angel
  5416 | D:5      | Reached skill level 6 in Earth Magic
  5416 | D:5      | Reached XP level 8. HP: 48/48 MP: 14/14
  5956 | D:6      | Noticed a wyvern
  5960 | D:6      | Killed a wyvern
  6178 | D:6      | Reached skill level 5 in Fighting
  6178 | D:6      | Reached skill level 5 in Conjurations
  6205 | D:6      | Killed an unseen horror
  6206 | D:6      | Reached skill level 5 in Spellcasting
  6206 | D:6      | Reached skill level 7 in Earth Magic
  6206 | D:6      | Reached XP level 9. HP: 33/54 MP: 3/16
  6619 | D:6      | Noticed a cyclops
  6639 | D:6      | Killed a cyclops
  7070 | D:6      | Reached skill level 8 in Earth Magic
  7418 | D:6      | Found a radiant altar of Vehumet.
  7427 | D:6      | Found a shimmering altar of Xom.
  7767 | D:7      | Noticed a six-headed hydra
  7787 | D:6      | Killed a six-headed hydra
  7788 | D:6      | Reached XP level 10. HP: 36/63 MP: 14/19
  8198 | D:7      | Identified the +8 plate armour of Patterns {Int+4 Dex-5}
  8198 | D:7      | Noticed Joseph
  8206 | D:7      | Killed Joseph
  8218 | D:7      | Gained mutation: You are frail. (-10% HP) [potion of
                  | mutation]
  8218 | D:7      | Gained mutation: You passively map a small area around you.
                  | [potion of mutation]
  8972 | D:8      | Reached skill level 5 in Armour
  8972 | D:8      | Reached skill level 9 in Earth Magic
  9416 | D:8      | Noticed a two-headed ogre
  9422 | D:8      | Killed a two-headed ogre
  9422 | D:8      | Noticed a tengu warrior
  9445 | D:8      | Killed a tengu warrior
  9446 | D:8      | Reached skill level 5 in Shields
  9516 | D:8      | Reached XP level 11. HP: 61/61 MP: 12/21
  9709 | D:8      | Found the +18 Lear's hauberk
  9886 | D:8      | Noticed a death knight
 10300 | D:8      | Got the Handbook of the Voyage and Curses
 10381 | D:8      | Killed by mirror damage

Illustrated notes

Levels and vault maps discovered:
D:1:      grunt_arrival_crossed_arrows, layout_loops_cross,
          chequers_serial_rivers_small_b, chequers_garden, supply_closet_lemuel
D:2:      layout_basic, hellmonk_ecumenical_altar_heavens_door, minmay_ruptured
D:3:      layout_rooms, skrybe_limestone_x
D:4:      layout_basic, mainiacjoe_overflow_six_doors_small,
          nicolae_overflow_hidden_temple, kennysheep_generic_room_4
D:5:      layout_loops_ring, grunt_temple_overflow_order_and_chaos_2,
          minmay_temple_entry_statues_fountains, uniq_sigmund
D:6:      wad_guarded_room, layout_basic, mainiacjoe_overflow_swirl,
          chequers_mini_garden, st_stairs_2
D:7:      layout_rooms, grunt_ministairs_1, uniq_joseph
D:8:      minmay_weird_star, layout_basic, hellmonk_guarded_unrand_lears
Temple:   zaba_magenta_temple

Skill      XL: |  1  2  3  4  5  6  7  8  9 10 |
---------------+-------------------------------+-----
Conjurations   | 1 2 3 4 5 7 8 |  8.1
Fighting       | 1 2 3 4 5 7 8 |  8.1
Earth Magic    | 4 5 6 7 8 9 |  9.6
Armour         | 1 2 3 4 5 |  5.4
Spellcasting   | 3 4 5 6 7 |  7.1
Shields        | 1 2 3 4 5 |  5.0
Dodging        | |  1.5
Stealth        | |  2.1
Transmutations | |  0.7

Action                   |  1- 3 |  4- 6 |  7- 9 | 10-12 || total
-------------------------+-------+-------+-------+-------++-------
Melee: Rapier            |    40 |    48 |    50 |       ||   138
       Punch             |     1 |       |       |       ||     1
       War axe           |       |       |       |    24 ||    24
       Trident           |       |       |       |     3 ||     3
 Cast: Sandblast         |    39 |   105 |    35 |    20 ||   199
       Stone Arrow       |       |       |    64 |    85 ||   149
  Use: Scroll            |     4 |     1 |     9 |     4 ||    18
       Potion            |     1 |       |       |     1 ||     2
Armor: Robe              |    21 |    39 |    16 |       ||    76
       Leather armour    |       |       |    35 |    18 ||    53
       Chain mail        |       |       |       |     1 ||     1
Dodge: Dodged            |    34 |    70 |    48 |    23 ||   175
Block: Buckler           |       |    12 |    30 |    19 ||    61
